 Dungeon Crawl Stone Soup version 0.29-a0-194-g6e3aafee17 (webtiles) character file.

Game seed: 13764618198634969281

74 bladeefan the Cudgeller (level 4, -1/35 HPs)
             Began as a Demonspawn Chaos Knight on Feb 22, 2022.
             Was a Plaything of Xom.
             Slain by an orc
             ... wielding a +0 hand axe
              (5 damage)
             ... on level 3 of the Dungeon.
             The game lasted 00:03:49 (2022 turns).

bladeefan the Cudgeller (Demonspawn Chaos Knight)   Turns: 2022, Time: 00:03:50

Health: -1/35      AC:  8    Str: 13    XL:     4   Next: 10%
Magic:  4/4        EV:  9    Int:  9    God:    Xom [....*.]
Gold:   52         SH:  0    Dex: 12    Spells: 3/3 levels left

rFire   . . .      SeeInvis .   a - +0 mace (chaos)
rCold   . . .      Faith    .   (no shield)
rNeg    . . .      Spirit   .   d - +1 scale mail {rPois}
rPois   +          Reflect  .   c - +0 helmet
rElec   .          Harm     .   (no cloak)
rCorr   .          Rampage  .   (no gloves)
Will    .....                   (no boots)
Stlth   ..........              (no amulet)
HPRegen 0.11/turn               (no ring)
MPRegen 0.18/turn               (no ring)

@: unable to read
A: claws 2, magic regeneration, dopey 2, weak 1, evolution 1, inability to read
while threatened
a: Renounce Religion


You were on level 3 of the Dungeon.
You worshipped Xom.
You were a beloved toy of Xom.
You visited 1 branch of the dungeon, and saw 3 of its levels.

You collected 52 gold pieces.

Inventory:

Hand Weapons
 a - a +0 mace of chaos (weapon)
Armour
 b - a +2 leather armour
 c - a +0 helmet (worn)
   (You found it on level 1 of the Dungeon)
 d - a +1 scale mail of poison resistance (worn)
   (You found it on level 1 of the Dungeon)
 f - a +0 robe
   (You found it on level 1 of the Dungeon)
 j - a +0 leather armour
   (You found it on level 2 of the Dungeon)
 o - the +3 scale mail of Luar {Drain +Blink rC+ Int+4}
   (You found it on level 2 of the Dungeon)

   Int:       It affects your intelligence (+4).
   rC:        It protects you from cold.
   +Blink:    It lets you blink.
   Drain:     It drains your maximum health when unequipped.
 p - a +0 scale mail
   (You found it on level 3 of the Dungeon)
Jewellery
 m - a ring of poison resistance
   (You found it on level 2 of the Dungeon)
Scrolls
 g - 2 scrolls of torment {unknown}
Potions
 e - a potion of might {unknown}
 h - a potion of degeneration {unknown}
 i - a potion of berserk rage {unknown}
 l - a potion of attraction {unknown}


   Skills:
 + Level 3.4 Fighting
 * Level 3.5 Maces & Flails
 + Level 2.3 Armour
 + Level 1.7 Dodging


You had 3 spell levels left.
You didn't know any spells.
Your spell library was empty.

Dungeon Overview and Level Annotations

Branches:
Dungeon (3/15)

Altars:


Innate Abilities, Weirdness & Mutations

You have very sharp fingernails.
You regenerate magic rapidly.
You are very dopey. (Int -4)
You are weak. (Str -2)
You have hidden genetic potential.
You sometimes lose the ability to read scrolls when taking damage.


Message History

The quokka barely misses you. x2; The orc hits you with a +0 short sword.
You feel threatened and lose the ability to read scrolls!
* * * LOW HITPOINT WARNING * * *
You rip the net and break free!
You can read scrolls again.
The quokka barely misses you. The gnoll barely misses you.
The quokka bites you.
* * * LOW HITPOINT WARNING * * *
The gnoll hits you but does no damage. The orc hits you but does no damage.
The orc closely misses you. The quokka barely misses you.
You swap places.
The quokka twitches its whiskers.
The quokka completely misses your butterfly.
The gnoll misses your butterfly.
The orc completely misses your butterfly.
As you read the scroll labelled UKECOICWORA, it crumbles to dust.
You hear a loud clanging noise!
It was a scroll of noise.
You hear a shout! x2; You hear an angry hiss.
You hear a shout!
The quokka barely misses your butterfly.
The gnoll completely misses your butterfly.
The quokka bites your butterfly.
Your butterfly dies!
Your butterfly disappears in a puff of smoke!
The quokka bites you but does no damage.
As you read the scroll labelled VIOXON OKOBEI, it crumbles to dust.
You feel aware of your surroundings.
It was a scroll of magic mapping.
The quokka bites you.
* * * LOW HITPOINT WARNING * * *
The quokka closely misses you. The orc hits you with a +0 short sword.
You feel threatened and lose the ability to read scrolls!
* * * LOW HITPOINT WARNING * * *
The gnoll closely misses your butterfly.
You can read scrolls again.
Your butterfly disappears in a puff of smoke! x2
The quokka bites you but does no damage.
The quokka bites you but does no damage.
The quokka barely misses you.
An orc comes into view. It is wielding a +0 hand axe.
Found a scroll labelled UMET LIEPEMU.
The orc shouts!
Your butterfly disappears in a puff of smoke!
The quokka bites you but does no damage.
The quokka bites you but does no damage.
The quokka bites you.
* * * LOW HITPOINT WARNING * * *
The orc hits you with a +0 hand axe.
You feel threatened and lose the ability to read scrolls!
You die...
Xom chuckles heartily!

###.......................# **,
###................#§g....# **,,
.........(.........##.....# *,,,
...................##g....# **,,
.....................g#####***,,,
...................g..###*,,,,,,,
........................#*,,,,,,,
...##............ro.....#*,,,,,,,
...##...........@.......#*,,,,,,,
#####............o......#*,,,,,,,
* #...................#******** *
*#####..............#******** *
#........?.....#*,,,,,,, *
#..............#*,****** *
####^..........#*,*,,,,, *
#...........**,*,**** *
**************,*,,,,,


You could see 3 gnolls, 2 orcs and a quokka (fast).

Vanquished Creatures
  A gnoll (D:3)
  2 adders
  4 endoplasms
  2 giant cockroaches
  3 goblins
  4 hobgoblins
  2 jackals (D:1)
  8 kobolds
  3 quokkas
  5 ball pythons
  6 bats
  5 frilled lizards
  3 rats (D:1)
48 creatures vanquished.

Vanquished Creatures (others)
  2 fungi (D:1)
  3 plants (D:1)
5 creatures vanquished.

Grand Total: 53 creatures vanquished

Notes
Turn   | Place    | Note
-------+----------+-------------------------------------------
     0 | D:1      | bladeefan the Demonspawn Chaos Knight began the quest for
                  | the Orb.
     0 | D:1      | Reached XP level 1. HP: 18/18 MP: 1/1
   139 | D:1      | XOM: noise
   174 | D:1      | XOM: divination: detect items
   182 | D:1      | XOM: smoke on damage
   185 | D:1      | Reached skill level 1 in Dodging
   294 | D:1      | XOM: give mutations
   294 | D:1      | Gained mutation: You are weak. (Str -2) [Xom's mischief]
   294 | D:1      | Gained mutation: You are agile. (Dex +2) [Xom's mischief]
   294 | D:1      | Gained mutation: You are dopey. (Int -2) [Xom's mischief]
   294 | D:1      | Gained mutation: You sometimes lose the ability to read
                  | scrolls when taking damage. [Xom's mischief]
   370 | D:1      | Gained mutation: You regenerate magic rapidly. [demonic
                  | ancestry]
   370 | D:1      | Reached XP level 2. HP: 20/24 MP: 2/2
   598 | D:1      | Found a faded altar of an unknown god.
   693 | D:1      | XOM: 2-stop teleportation journey
  1099 | D:2      | Gained mutation: You have sharp fingernails. [demonic
                  | ancestry]
  1099 | D:2      | Reached XP level 3. HP: 29/29 MP: 3/3
  1436 | D:2      | XOM: noise
  1543 | D:2      | Identified the +3 scale mail of Luar {Drain +Blink rC+
                  | Int+4}
  1710 | D:2      | XOM: give mutations
  1710 | D:2      | Lost mutation: You are agile. (Dex +2) [Xom's mischief]
  1710 | D:2      | Gained mutation: You have hidden genetic potential. [Xom's
                  | mischief]
  1710 | D:2      | Gained mutation: You are very dopey. (Int -4) [Xom's
                  | mischief]
  1902 | D:3      | XOM: divination: magic mapping
  1989 | D:3      | XOM: scenery: summon butterflies
  1999 | D:3      | Gained mutation: You have very sharp fingernails. [demonic
                  | ancestry]
  1999 | D:3      | Reached XP level 4. HP: 24/35 MP: 4/4
  2022 | D:3      | Slain by an orc

Illustrated notes

Levels and vault maps discovered:
D:1:      lightli_arrival_lavapool, layout_basic,
          dreamdust_ecumenical_altar_grove
D:2:      layout_basic, st_stairs_13
D:3:      layout_basic, uniq_crazy_yiuf_cottage

Skill      XL: |  1  2 |
---------------+-------+-----
Dodging        | 1 |  1.7
Maces & Flails | 3 |  3.5
Armour         | 2 |  2.3
Fighting       | |  3.4

Action                   |  1- 3 |  4- 6 || total
-------------------------+-------+-------++-------
Melee: Mace              |   109 |     5 ||   114
       Punch             |     1 |       ||     1
  Use: Scroll            |       |     2 ||     2
Armor: Scale mail        |    70 |    12 ||    82
Dodge: Dodged            |    70 |    15 ||    85

Table legend: (Time is in decaauts)
 A = Elapsed time spent in this place.
 B = Non-inter-level travel time spent in this place.
 C = Inter-level travel time spent in this place.
 D = Time resting spent in this place.
 E = Time spent auto-exploring this place.
 F = Levels seen in this place.
 G = Mean time per level.
                   A        B        C        D        E       F      G
               +--------+--------+--------+--------+--------+-----+--------+
         Total |   2049 |   1992 |     57 |    110 |   1497 |   3 |  683.0 |
       Dungeon |   2049 |   1992 |     57 |    110 |   1497 |   3 |  683.0 |
               +--------+--------+--------+--------+--------+-----+--------+

Top non-repeatable levels by time:
     D:1: 1102 daAuts
     D:2: 803 daAuts
     D:3: 143 daAuts
